 Dungeon Crawl Stone Soup version 0.31-a0-1074-g0b22e4e0f1 (webtiles) character file.

Game seed: 5501882006004345511

88 Pooter the Shooter (level 4, -1/39 HPs)
             Began as a Minotaur Hunter on Dec 1, 2023.
             Slain by an iguana (12 damage)
             ... on level 3 of the Dungeon.
             The game lasted 00:08:52 (2120 turns).

Pooter the Shooter (Minotaur Hunter)                Turns: 2120, Time: 00:08:53

Health: -1/39      AC:  4    Str: 15    XL:     4   Next: 29%
Magic:  3/3        EV: 12    Int:  6    God:
Gold:   86         SH:  0    Dex: 16    Spells: 2/3 levels left

rFire   . . .        a - +0 trident
rCold   . . .        (no shield)
rNeg    . . .        c - +0 leather armour
rPois   .            (helmet restricted)
rElec   .            (no cloak)
rCorr   .            k - +0 pair of gloves
SInv    .            (no boots)
Will    .....        (no amulet)
Stlth   +            (no ring)
HPRegen 0.26/turn    (no ring)
MPRegen 0.08/turn

%: no passive effects
@: lethally poisoned (-1 -> -6)
A: horns 2, retaliatory headbutt
a: no special abilities


You were on level 3 of the Dungeon.
You visited 1 branch of the dungeon, and saw 4 of its levels.

You collected 86 gold pieces.

Inventory:

Hand Weapons
 a - a +0 trident (weapon)
   (You found it on level 2 of the Dungeon)
 b - a +0 shortbow
Missiles
 d - 4 poisoned darts (quivered)
 e - 3 curare-tipped darts
 Q - 45 stones
Armour
 c - a +0 leather armour (worn)
 k - a +0 pair of gloves (worn)
   (You found it on level 1 of the Dungeon)
Wands
 f - a wand of flame (6)
   (You found it on level 3 of the Dungeon)
Scrolls
 g - a scroll of vulnerability {unknown}
 h - a scroll of fog
 i - a scroll of fear {unknown}
 m - a scroll of silence
 n - a scroll of amnesia {unknown}
 p - a scroll of noise {unknown}
 t - a scroll of butterflies
Potions
 j - a potion of curing {unknown}
 l - a potion of brilliance {unknown}
 o - 2 potions of ambrosia {unknown}
 q - a potion of magic {unknown}
 r - a potion of heal wounds {unknown}
 s - a potion of berserk rage {unknown}
 u - a potion of cancellation {unknown}


   Skills:
 + Level 3.6 Fighting
 + Level 1.3 Polearms
 * Level 5.6 Ranged Weapons
 - Level 2.1 Dodging
 - Level 0.7 Stealth


You had 2 spell levels left.
You knew the following spells:

 Your Spells              Type           Power      Damage    Failure   Level
c - Apportation           Tloc           0%         N/A       52%         1

Your spell library contained the following spells:

 Spells                   Type           Power      Damage    Failure   Level
 Jinxbite                 Hex            0%         N/A       67%         2
 Animate Armour           Summ/Erth      0%         N/A       99%         4
 Summon Lightning Spire   Summ/Air       0%         N/A       99%         4
 Alistair's Intoxication  Tmut/Pois      0%         N/A       100%        5
 Lee's Rapid Deconstruct  Erth           0%         3d4*      100%        5


Dungeon Overview and Level Annotations

Branches:
Dungeon (4/15) Zot: 21863
 Temple: D:4-7

Altars:


Innate Abilities, Weirdness & Mutations

You have a pair of horns on your head.
You reflexively headbutt those who attack you in melee.


Message History

The kobold barely misses you.
You hit the kobold but do no damage. The kobold hits you with a +0 whip.
The kobold hits you but does no damage.
You puncture the kobold!
You kill the kobold!
The endoplasm closely misses you.
You hit the endoplasm. The endoplasm freezes you.
You are frozen.
You hit the endoplasm.
You kill the endoplasm!
No target in view!
An iguana comes into view.
b - a +0 shortbow (weapon)
You shoot an arrow. The iguana hisses angrily.
The arrow hits the iguana but does no damage.
You shoot an arrow. The arrow hits the iguana.
A kobold comes into view.
It is wielding a +0 dagger and quivering poisoned darts.
You shoot an arrow. The kobold shouts!
The arrow hits the iguana.
You hear a shout!
The kobold throws a poisoned dart.
The poisoned dart hits you!
You are poisoned.
You shoot an arrow. The arrow closely misses the iguana.
You feel sick.
The kobold throws a poisoned dart.
The poisoned dart closely misses you.
You shoot an arrow.
The arrow hits the iguana but does no damage.
You feel sick. The iguana bites you.
a - a +0 trident (weapon)
You feel sick.
You hit the iguana. Your headbutt misses the iguana.
You feel sick.
The kobold throws a poisoned dart.
The poisoned dart hits you.
You are more poisoned.
The iguana bites you.
The kobold throws a poisoned dart.
The poisoned dart hits you!
You are more poisoned.
The iguana bites you!
* * * LOW HITPOINT WARNING * * *
You feel very sick. The iguana misses you.
You climb upwards.
You feel very sick.
There is a stone staircase leading down here.
You are too injured to fight recklessly!
You are too injured to fight recklessly!
You closely miss the iguana. Your headbutt misses the iguana.
You feel sick. The iguana bites you!
You die...

...##.###........##....####.##...
#####.# ##.[...#....##.# #.##..#
####..# ##.......#####.## #.##.[#
#....####..........# #..# #......
...................# ######......
.......####........######.###....
#......####............###..÷#...
#.........#.............##...##..
#.........#....l@...>..#÷P.P.PP#.
#.........#..........<.#.......#.
#......................#...PPP.#.
###########..#........#P.P.P.PPP#
##..........#...P.....#
####.....###..PP..P..#
#####...#.P.PPPPPP#
##.######_##### #..#.....P..P#


You could see an iguana.

Vanquished Creatures
  2 adders (D:3)
  2 ufetubi (D:3)
  2 worms
  A dart slug (D:1)
  An orc (D:3)
  6 ball pythons
  7 endoplasms
  3 giant cockroaches
  4 goblins
  4 hobgoblins
  2 kobolds
  3 quokkas
  6 bats
  2 frilled lizards (D:2)
  A rat (D:1)
46 creatures vanquished.

Notes
Turn   | Place    | Note
-------+----------+-------------------------------------------
     0 | D:1      | Pooter the Minotaur Hunter began the quest for the Orb.
     0 | D:1      | Reached XP level 1. HP: 18/18 MP: 0/0
   113 | D:1      | Reached XP level 2. HP: 25/25 MP: 1/1
   770 | D:2      | Reached skill level 5 in Ranged Weapons
  1035 | D:2      | Reached XP level 3. HP: 31/31 MP: 2/2
  1647 | D:3      | Found a faded altar of an unknown god.
  1669 | D:3      | Reached skill level 1 in Polearms
  1711 | D:3      | Reached XP level 4. HP: 38/38 MP: 3/3
  1817 | D:3      | Learned a level 1 spell: Apportation
  2120 | D:3      | Slain by an iguana

Illustrated notes

Levels and vault maps discovered:
D:1:      minmay_arrival_stone_box, layout_loops_ring
D:2:      layout_loops_corners, minivault_25
D:3:      layout_rooms, shapermc_ecumenical_altar_gd
D:4:      due_chaos_kobolds, layout_cave_pools,
          mainiacjoe_overflow_divided_tiny, minmay_diced_spiral, uniq_duvessa

Skill      XL: |  1  2  3 |
---------------+----------+-----
Fighting       | 3 |  3.6
Ranged Weapons | 5 |  5.6
Polearms       | 1 |  1.3
Dodging        | |  2.1
Stealth        | |  0.7

Action                     |  1- 3 |  4- 6 || total
---------------------------+-------+-------++-------
  Melee: Club              |     7 |       ||     7
         Headbutt          |     2 |     3 ||     5
         Trident           |    14 |    20 ||    34
   Fire: Shortbow          |    85 |    14 ||    99
    Use: Scroll            |     2 |       ||     2
 Armour: Leather armour    |    26 |    12 ||    38
  Dodge: Dodged            |    28 |    13 ||    41

Table legend: (Time is in decaauts)
 A = Elapsed time spent in this place.
 B = Non-inter-level travel time spent in this place.
 C = Inter-level travel time spent in this place.
 D = Time resting spent in this place.
 E = Time spent auto-exploring this place.
 F = Levels seen in this place.
 G = Mean time per level.
                   A        B        C        D        E       F      G
               +--------+--------+--------+--------+--------+-----+--------+
         Total |   2134 |   2044 |     90 |      0 |   1695 |   4 |  533.5 |
       Dungeon |   2134 |   2044 |     90 |      0 |   1695 |   4 |  533.5 |
               +--------+--------+--------+--------+--------+-----+--------+

Top non-repeatable levels by time:
     D:2: 812 daAuts
     D:1: 775 daAuts
     D:3: 525 daAuts
     D:4: 21 daAuts
